 Dungeon Crawl Stone Soup version 0.23.2-30-g0e89c35649 (webtiles) character file.

Game seed: 13543627103177648899

19174 wongwei the Protected (level 12, -6/62 HPs)
             Began as a Vine Stalker Enchanter on June 8, 2019.
             Was an Elder of Dithmenos.
             Mangled by an eight-headed hydra (8 damage)
             ... on level 2 of the Lair of Beasts.
             The game lasted 00:48:49 (14259 turns).

wongwei the Protected (Vine Stalker Enchanter)     Turns: 14259, Time: 00:48:51

Health: -6/62      AC: 14    Str: 16    XL:     12   Next: 66%
Magic:  0/23       EV: 14    Int: 15    God:    Dithmenos [****..]
Gold:   830        SH:  0    Dex: 15    Spells: 16/25 levels left

rFire    . . .     SeeInvis .   a - +2 short sword (elec)
rCold    . . .     Gourm    .   (no shield)
rNeg     + . .     Faith    .   E - +3 leather armour
rPois    .         Spirit   +   (no helmet)
rElec    .         Reflect  .   A - +0 cloak
rCorr    .         Harm     .   e - +1 pair of gloves
MR       +....     Rnd*Rage +   (no boots)
Stlth    ++++++....             (no amulet)
HPRegen  1.00/turn              s - ring of positive energy
MPRegen  0.18/turn              t - +3 ring of protection

@: wreathed by umbra
A: fangs 3, repulsion field 1, berserk 1, regeneration 2, wild magic 1, magic
shield, antimagic bite, no potion heal 3, rot immunity, MP-powered wands
a: Shadow Step, Renounce Religion


You were on level 2 of the Lair of Beasts.
You worshipped Dithmenos.
Dithmenos was greatly pleased with you.
You were not hungry.

You visited 3 branches of the dungeon, and saw 16 of its levels.
You also visited: Ossuary.

You collected 830 gold pieces.

Inventory:

Hand Weapons
 a - a +2 short sword of electrocution (weapon)
 b - a +5 dagger
 B - a cursed +4 war axe
 F - a +0 short sword of venom
 G - the +2 whip of Certain Death {drain, rElec rF+ Stlth+}
   (You found it on level 12 of the Dungeon)

   A truly terrible weapon, it drains the life of those it strikes.
   It protects you from fire.
   It insulates you from electricity.
   It makes you more stealthy.
Missiles
 w - 13 tomahawks (quivered)
Armour
 e - a +1 pair of gloves (worn)
 u - a +1 ring mail
 y - a +0 pair of gloves
 A - a +0 cloak (worn)
 E - a +3 leather armour (worn)
Jewellery
 s - a ring of positive energy (left hand)
 t - a +3 ring of protection (right hand)
Wands
 l - a wand of iceblast (13)
 v - a wand of flame (19)
Scrolls
 k - 4 scrolls of remove curse
 m - 4 scrolls of teleportation
 p - 3 scrolls of noise
 r - a scroll of blinking
 x - 4 scrolls of identify
 C - 2 scrolls of immolation
 D - 3 scrolls of amnesia
 H - a scroll of enchant armour
 I - a scroll of summoning {unknown}
Potions
 c - 3 potions of magic
 f - a potion of invisibility
 h - a potion of resistance
 i - 3 potions of cancellation
 j - 3 potions of flight
 n - 7 potions of curing
 o - a potion of ambrosia
 q - 3 potions of brilliance
 z - 3 potions of might
Comestibles
 d - 23 rations
 g - 10 chunks of flesh


   Skills:
 * Level 6.8 Fighting
 + Level 7.2 Short Blades
 - Level 10.0 Armour
 - Level 1.5 Dodging
 + Level 8.5 Stealth
 * Level 7.2 Spellcasting
 - Level 7.0 Hexes
 * Level 2.0 Transmutations
 - Level 6.0 Ice Magic
 * Level 2.0 Earth Magic


You had 16 spell levels left.
You knew the following spells:

 Your Spells              Type           Power        Failure   Level  Hunger
a - Corona                Hex            ####...      1%          1    None
b - Ensorcelled Hibernat  Hex/Ice        ####..       3%          2    None
c - Confuse               Hex            ####....     4%          3    ##.....
d - Passwall              Tmut/Erth      ###.....     14%         2    None
e - Confusing Touch       Hex            ####..       1%          1    None

Your spell library contained the following spells:

 Spells                   Type           Power        Failure   Level  Hunger
 Freeze                   Ice            ####         2%          1    None
 Tukima's Dance           Hex            ####....     4%          3    ##.....
 Sandblast                Erth           ###...       10%         1    None
 Throw Frost              Conj/Ice       ###...       11%         2    None
 Dazzling Spray           Conj/Hex       ###...       16%         3    ##.....
 Ozocubu's Armour         Chrm/Ice       ###.....     19%         3    ##.....
 Animate Skeleton         Necr           N/A          22%         1    None
 Apportation              Tloc           #.....       22%         1    None
 Flame Tongue             Conj/Fire      #....        22%         1    None
 Pain                     Necr           #...         22%         1    None
 Shock                    Conj/Air       #...         22%         1    None
 Summon Small Mammal      Summ           #...         22%         1    None
 Blink                    Tloc           N/A          30%         2    None
 Shroud of Golubria       Chrm/Tloc      #.........   30%         2    None
 Stone Arrow              Conj/Erth      ##....       38%         3    ##.....
 Gell's Gravitas          Tloc           #.........   50%         3    ##.....
 Lesser Beckoning         Tloc           #.........   50%         3    ##.....
 Regeneration             Chrm/Necr      #.........   50%         3    ##.....
 Teleport Other           Tloc           #.......     50%         3    ##.....
 Vampiric Draining        Necr           #.........   50%         3    ##.....
 Summon Ice Beast         Ice/Summ       ###.....     50%         4    ####...
 Throw Icicle             Conj/Ice       ###.....     50%         4    ####...
 Petrify                  Tmut/Erth      ###.....     63%         4    ####...
 Animate Dead             Necr           N/A          88%         4    ####...
 Passage of Golubria      Tloc           N/A          88%         4    ####...
 Lee's Rapid Deconstruct  Erth           ###.......   91%         5    #####..
 Irradiate                Conj/Tmut      ##........   97%         5    #####..


Dungeon Overview and Level Annotations

Branches:
Dungeon (13/15)            Temple (1/1) D:4            Lair (2/6) D:8
 Shoals (0/4) Lair:2          Orc (0/2) D:9
  Snake: Lair:2-4    Spider: Lair:2-4    Vaults: D:13-14

Altars:
Ashenzari
Cheibriados
Dithmenos
Elyvilon
Fedhas
Gozag
Hepliaklqana
Kikubaaqudgha
Makhleb
Nemelex Xobeh
Okawaru
Qazlal
Ru
Sif Muna
Trog
Uskayaw
Vehumet
Wu Jian
Xom
Yredelemnul
Zin
The Shining One

Annotations:
D:9 exclusion: downstairs
D:10 3 runed translucent doors, exclusion: downstairs, aefrtyi's ghost, journeyman MiBe
D:12 exclusion: 2 downstairs
Lair:1 exclusion: 2 downstairs
Lair:2 1 runed translucent door, Grendash's ghost, adept MiFi


Innate Abilities, Weirdness & Mutations

You have razor-sharp teeth.
You heal very quickly.
When hurt, damage is shared between your health and your magic reserves.
Your bite disrupts and absorbs the magic of your enemies.
Potions cannot restore your health.
You are immune to rotting.
You are surrounded by a mild repulsion field. (EV +2)
You tend to lose your temper in combat.
Your spells are a little harder to cast, but a little more powerful.
You expend magic power (3 MP) to strengthen your wands.


Message History

The eight-headed hydra bites you!
* * * LOW HITPOINT WARNING * * *
The eight-headed hydra bites you.
* * * LOW HITPOINT WARNING * * *
The eight-headed hydra closely misses you.
The eight-headed hydra bites you but does no damage.
The eight-headed hydra closely misses you.
You puncture the eight-headed hydra! You bite the eight-headed hydra.
You drain its power.
You feel invigorated.
The eight-headed hydra is heavily wounded.
The eight-headed hydra bites you!
* * * LOW HITPOINT WARNING * * *
The eight-headed hydra closely misses you.
The eight-headed hydra completely misses you.
The eight-headed hydra bites you.
* * * LOW HITPOINT WARNING * * *
The eight-headed hydra bites you but does no damage.
The eight-headed hydra closely misses you.
The eight-headed hydra bites you!
You die...

# ##P #. ..#P.## #P.
....... #... ......#
#.... #.... #....# ###.#
#P..P# #.. ##....# #.#
###@....# ######..
##..#D..## #.#..#.#
###.......# ##.∩.....
#.......P.# ##.....###
###.....#...# #.........
##.....####...##...#.####
#.....## #.....##.####.
##.>...# #..# ### #.#
##....P## .. ##.#####.


You could see an eight-headed hydra (confused).

Vanquished Creatures
  A hydra (Lair:2)
  A catoblepas (D:12)
  A centaur warrior (D:12)
  A two-headed ogre (D:10)
  2 unseen horrors
  Pikel (D:8)
  A lindwurm (shapeshifter) (D:12)
  A cyclops (D:12)
  3 ugly things
  2 black mambas
  A rime drake (Lair:1)
  5 komodo dragons
  5 trolls
  4 hippogriffs
  A shadow (D:12)
  3 yaks (Lair:2)
  A hungry ghost (D:11)
  2 vampire mosquitoes (D:13)
  Menkaure (D:6)
  2 water moccasins
  A soldier ant (D:10)
  5 porcupines
  5 orc warriors
  3 ice beasts
  3 black bears
  4 sky beasts
  2 slaves (D:8)
  5 phantoms
  3 ogres
  6 centaurs
  2 elf zombies (Ossuary)
  2 big kobolds
  6 crocodiles
  12 bullfrogs
  A wyvern zombie (D:12)
  Blork the orc (D:5)
  A gnoll sergeant (D:11)
  7 scorpions
  4 killer bees (D:8)
  15 wights
  4 howler monkeys
  6 crimson imps
  7 hounds
  2 jellies
  2 quasits
  2 human zombies (Ossuary)
  10 orc priests
  7 orc wizards
  3 bullfrog skeletons
  3 iguanas
  6 worker ants
  A big kobold zombie (Ossuary)
  3 mummies
  A howler monkey zombie (D:7)
  A howler monkey skeleton (D:8)
  12 gnolls
  13 adders
  3 shadow imps
  2 oozes
  2 adder zombies
  2 worms (D:2)
  11 leopard geckos
  35 orcs
  7 ball pythons
  3 bats
  5 giant cockroaches
  9 goblins
  4 hobgoblins
  9 jackals
  15 kobolds
  5 quokkas
  5 frilled lizards
  2 goblin zombies (Ossuary)
  5 hobgoblin zombies (Ossuary)
  2 jackal zombies (Ossuary)
  7 kobold zombies (Ossuary)
  A leopard gecko zombie (D:7)
  13 orc zombies (Ossuary)
  A quokka skeleton (D:4)
  8 rats
  A rat zombie (Ossuary)
367 creatures vanquished.

Vanquished Creatures (others)
  2 slaves (D:8)
  3 fungi (Lair:2)
  8 plants
13 creatures vanquished.

Grand Total: 380 creatures vanquished

Notes
Turn   | Place    | Note
-------+----------+-------------------------------------------
     0 | D:1      | wongwei the Vine Stalker Enchanter began the quest for the
                  | Orb.
     0 | D:1      | Reached XP level 1. HP: 9/9 MP: 4/4
     4 | D:1      | Reached skill level 1 in Short Blades
   312 | D:1      | Reached XP level 2. HP: 13/13 MP: 6/6
   319 | D:1      | Learned a level 2 spell: Ensorcelled Hibernation
  1306 | D:2      | Reached XP level 3. HP: 16/16 MP: 7/7
  1990 | D:2      | Found a sacrificial altar of Ru.
  2245 | D:2      | Gained mutation: Your natural rate of healing is unusually
                  | fast. [Vine Stalker growth]
  2245 | D:2      | Reached XP level 4. HP: 21/21 MP: 3/8
  2659 | D:3      | Learned a level 3 spell: Confuse
  2820 | D:3      | Reached skill level 1 in Ice Magic
  2860 | D:3      | Reached skill level 5 in Stealth
  2860 | D:3      | Reached XP level 5. HP: 15/25 MP: 3/9
  2998 | D:3      | Found a faded altar of an unknown god.
  3263 | D:3      | Found an opulent altar of Gozag.
  3497 | D:3      | Reached skill level 1 in Armour
  3518 | D:3      | Reached XP level 6. HP: 11/29 MP: 4/11
  3651 | D:4      | Reached skill level 2 in Armour
  3684 | D:4      | Found a staircase to the Ecumenical Temple.
  3700 | Temple   | Entered the Ecumenical Temple
  3833 | D:4      | Noticed a phantom
  3867 | D:4      | Killed a phantom
  3867 | D:4      | Reached skill level 3 in Armour
  3882 | D:4      | Found a sand-covered staircase.
  3890 | Ossuary  | Entered an ossuary
  4040 | Ossuary  | Reached skill level 4 in Armour
  4040 | Ossuary  | Reached XP level 7. HP: 26/32 MP: 12/12
  4211 | D:4      | Reached skill level 5 in Armour
  4259 | D:4      | Gained mutation: You have razor-sharp teeth. [potion of
                  | mutation]
  4259 | D:4      | Gained mutation: You are agile. (Dex +2) [potion of
                  | mutation]
  4260 | D:4      | Lost mutation: You are agile. (Dex +2) [potion of mutation]
  4260 | D:4      | Gained mutation: Scrolls take you a little longer to read.
                  | [potion of mutation]
  4260 | D:4      | Gained mutation: You have a pair of small horns on your
                  | head. [potion of mutation]
  4261 | D:4      | Lost mutation: You have a pair of small horns on your head.
                  | [potion of mutation]
  4261 | D:4      | Lost mutation: Scrolls take you a little longer to read.
                  | [potion of mutation]
  4261 | D:4      | Gained mutation: You tend to lose your temper in combat.
                  | [potion of mutation]
  4261 | D:4      | Gained mutation: You expend magic power (3 MP) to
                  | strengthen your wands. [potion of mutation]
  4261 | D:4      | Gained mutation: Your spells are a little harder to cast,
                  | but a little more powerful. [potion of mutation]
  4261 | D:4      | Gained mutation: You are surrounded by a mild repulsion
                  | field. (EV +2) [potion of mutation]
  4315 | D:4      | Found a sacrificial altar of Ru.
  5127 | D:5      | Entered Level 5 of the Dungeon
  5139 | D:5      | Mutation became permanent: You have extremely sharp teeth.
                  | [Vine Stalker growth]
  5139 | D:5      | Gained mutation: You have razor-sharp teeth. [Vine Stalker
                  | growth]
  5139 | D:5      | Reached XP level 8. HP: 37/37 MP: 13/13
  5228 | D:5      | Noticed Blork the orc
  5237 | D:5      | Killed Blork the orc
  5237 | D:5      | Reached skill level 6 in Armour
  5410 | D:5      | Found a shadowy altar of Dithmenos.
  5414 | D:5      | Reached skill level 7 in Armour
  5476 | D:5      | Became a worshipper of Dithmenos the Shadowed
  5724 | D:5      | Found a deep blue altar of Sif Muna.
  5887 | D:5      | Found an iron altar of Okawaru.
  6039 | D:6      | Noticed a +0 hand axe
  6040 | D:6      | Found a hide-covered altar of Uskayaw.
  6040 | D:6      | Noticed a +0 dagger
  6059 | D:6      | Noticed a hippogriff
  6067 | D:6      | Killed a hippogriff
  6067 | D:6      | Reached skill level 8 in Armour
  6094 | D:6      | Reached XP level 9. HP: 40/40 MP: 14/14
  6186 | D:6      | Noticed Menkaure
  6216 | D:6      | Killed Menkaure
  6365 | D:6      | Found a hide-covered altar of Uskayaw.
  6556 | D:7      | Reached * piety under Dithmenos
  6556 | D:7      | Reached skill level 1 in Fighting
  6841 | D:7      | Found a blossoming altar of Fedhas.
  6843 | D:7      | Found a stormy altar of Qazlal.
  6994 | D:7      | Reached skill level 9 in Armour
  7466 | D:8      | Noticed a troll
  7541 | D:7      | Killed a troll
  7668 | D:8      | Found a staircase to the Lair.
  7759 | D:8      | Reached XP level 10. HP: 41/47 MP: 14/16
  7819 | D:8      | Noticed Pikel
  7850 | D:8      | Killed Pikel
  7983 | D:8      | Reached skill level 5 in Hexes
  8020 | D:8      | Reached ** piety under Dithmenos
  8376 | D:8      | Found a basalt altar of Yredelemnul.
  8400 | D:8      | Found a glowing golden altar of the Shining One.
  8402 | D:8      | Noticed an angel
  8618 | D:8      | Learned a level 2 spell: Passwall
  8773 | D:9      | Reached skill level 5 in Short Blades
  8877 | D:9      | Reached *** piety under Dithmenos
  9033 | D:9      | Found a staircase to the Orcish Mines.
  9311 | D:10     | Entered Level 10 of the Dungeon
  9569 | D:10     | Reached skill level 5 in Spellcasting
  9624 | D:10     | Identified Sif Muna's Handbook of Combat Magic
  9806 | D:10     | Found a runed translucent gate.
  9880 | D:10     | Reached XP level 11. HP: 49/54 MP: 17/19
 10189 | D:10     | Killed an unseen horror
 10324 | D:10     | Found a runed translucent gate.
 10330 | D:10     | Found a runed translucent gate.
 10331 | D:10     | Noticed a ten-headed hydra
 10332 | D:10     | Noticed aefrtyi's ghost (journeyman MiBe)
 10419 | D:10     | Noticed a two-headed ogre
 10541 | D:10     | Killed a two-headed ogre
 10777 | D:11     | Reached skill level 5 in Fighting
 10914 | D:11     | Reached **** piety under Dithmenos
 11224 | D:11     | HP: 2/56 [orc warrior/+1 hand axe of electrocution (11)]
 11570 | D:12     | Got a steaming whip
 11571 | D:12     | Identified the +2 whip of Certain Death {drain, rElec rF+
                  | Stlth+} (You found it on level 12 of the Dungeon)
 11613 | D:12     | Noticed a catoblepas
 11616 | D:12     | Noticed a red ugly thing
 11672 | D:12     | Noticed a cyclops
 11694 | D:12     | HP: 2/56 [cyclops (16)]
 11848 | D:12     | Noticed a cyan ugly thing
 11881 | D:11     | Killed a cyan ugly thing
 11986 | D:12     | Noticed a purple ugly thing
 11998 | D:12     | Noticed a centaur warrior
 12005 | D:12     | Killed a centaur warrior
 12114 | D:12     | Killed a catoblepas
 12114 | D:12     | Reached skill level 5 in Ice Magic
 12226 | D:12     | Killed a cyclops
 12349 | D:12     | Noticed a fire crab
 12351 | D:12     | a fire crab changed into a floating eye
 12360 | D:12     | Noticed a lindwurm
 12364 | D:12     | Killed a lindwurm
 12422 | D:12     | Killed a purple ugly thing
 12422 | D:12     | Gained mutation: You heal very quickly. [Vine Stalker
                  | growth]
 12422 | D:12     | Reached XP level 12. HP: 11/61 MP: 6/22
 12608 | D:13     | Noticed a tengu warrior
 12611 | D:13     | Noticed an eight-headed hydra
 12665 | D:13     | Noticed an eight-headed hydra
 12748 | D:13     | Noticed a centaur warrior
 12806 | Lair:1   | Entered Level 1 of the Lair of Beasts
 12855 | Lair:1   | Found a deep blue altar of Sif Muna.
 12906 | Lair:1   | Reached skill level 10 in Armour
 13143 | Lair:1   | Learned a level 1 spell: Confusing Touch
 13517 | Lair:2   | Noticed an eight-headed hydra
 13523 | Lair:2   | Killed an eight-headed hydra
 13523 | Lair:2   | Reached skill level 1 in Transmutations
 13523 | Lair:2   | Reached skill level 1 in Earth Magic
 13687 | Lair:2   | Found a staircase to the Shoals.
 13921 | Lair:2   | Found a runed translucent door.
 13923 | Lair:2   | Found a shimmering altar of Xom.
 13923 | Lair:2   | Noticed Grendash's ghost (adept MiFi)
 14244 | Lair:2   | Noticed an eight-headed hydra
 14259 | Lair:2   | HP: 2/62 [eight-headed hydra (2)]
 14259 | Lair:2   | Mangled by an eight-headed hydra

Skill      XL: |  1  2  3  4  5  6  7  8  9 10 11 12 |
---------------+-------------------------------------+-----
Short Blades   | 1 2 3 5 6 7 |  7.2
Stealth        | 4 5 7 8 |  8.5
Ice Magic      | 1 2 3 5 6 |  6.0
Armour         | 1 4 5 8 9 10 | 10.0
Fighting       | 2 4 6 |  6.8
Spellcasting   | 3 5 6 7 |  7.2
Hexes          | 4 5 6 7 |  7.0
Transmutations | 2 |  2.0
Earth Magic    | 2 |  2.0
Dodging        | |  1.5

Action                   |  1- 3 |  4- 6 |  7- 9 | 10-12 || total
-------------------------+-------+-------+-------+-------++-------
Melee: Dagger            |    27 |       |    28 |    15 ||    70
       Bite              |    14 |    32 |    90 |   211 ||   347
       Short sword       |    44 |   154 |   333 |   657 ||  1188
       Whip              |       |       |       |    40 ||    40
 Cast: Ensorcelled Hiber |     2 |     1 |     5 |    44 ||    52
       Confusing Touch   |       |       |       |     5 ||     5
       Corona            |       |       |       |     1 ||     1
  Use: Scroll            |       |     7 |    10 |     9 ||    26
       Potion            |       |       |     3 |     4 ||     7
 Stab: Sleeping          |    12 |    11 |    12 |    37 ||    72
       Distracted        |       |       |     1 |     1 ||     2
       Confused          |       |       |       |     4 ||     4
  Eat: Chunk             |     4 |     6 |    11 |    21 ||    42
       Ration            |       |       |       |     1 ||     1
Armor: Robe              |     6 |     3 |       |       ||     9
       Ring mail         |       |    42 |   164 |    37 ||   243
       Leather armour    |       |       |       |   187 ||   187
Dodge: Dodged            |    28 |    69 |   240 |   525 ||   862
